 Dungeon Sprint DCSS version 0.32-a0-433-g08bcfe7efd (webtiles) character file.

Game seed: 7039624575725974984

2984 rocky1 the Imperceptible (level 10, -17/63 HPs)
             Began as a Kobold Brigand on Feb 23, 2024.
             Was an Initiate of Gozag.
             Killed from afar by an oklob plant (29 damage)
             ... with a splash of acid
             ... in the Dungeon (Sprint I: "Red Sonja").
             The game lasted 00:02:51 (877 turns).

rocky1 the Imperceptible (Kobold Brigand)            Turns: 877, Time: 00:02:51

Health: -17/63     AC:  1    Str:  9    XL:     10   Next: 9%
Magic:  10/10      EV: 15    Int: 13    God:    Gozag
Gold:   619        SH:  0    Dex: 20    Spells: 9/9 levels left

rFire   + . .        p - +2 short sword (venom)
rCold   . . .        (no shield)
rNeg    . . .        v - +1 leather armour {rF+}
rPois   .            (no helmet)
rElec   .            c - +0 cloak
rCorr   .            (no gloves)
SInv    +            (no boots)
Will    .....        t - amulet of regeneration
Stlth   ++++++++++   s - ring of see invisible
HPRegen 1.10/turn    (no ring)
MPRegen 0.12/turn

%: no teleportation
@: corroded
A: small, no large weapons, nightstalker 3
a: Renounce Religion, Potion Petition, Call Merchant, Bribe Branch


You were in the Dungeon.
You worshipped Gozag.
Gozag was pleased with you.
You visited 1 branch You collected 1358 gold pieces.
You spent 739 gold pieces at shops.

Inventory:

Hand Weapons
 a - a +2 dagger
 p - a +2 short sword of venom (weapon)
Missiles
 d - 9 poisoned darts
 e - 7 curare-tipped darts
 w - 6 atropa-tipped darts (quivered)
Armour
 b - a +0 robe
 c - a +0 cloak (worn)
 v - a +1 leather armour of fire resistance (worn)
Jewellery
 s - a ring of see invisible (left hand)
 t - an amulet of regeneration (around neck)
Wands
 l - a wand of charming (6)
 o - a wand of flame (19)
 y - a wand of roots (14)
Scrolls
 k - a scroll of blinking
 m - a scroll of silence {unknown}
 n - a scroll of vulnerability {unknown}
 q - a scroll of fog {unknown}
 r - a scroll of identify {unknown}
 x - a scroll of revelation {unknown}
Potions
 f - 4 potions of curing
 g - a potion of heal wounds
 h - a potion of haste
 i - 2 potions of magic
 j - a potion of berserk rage
 u - a potion of mutation {unknown}


   Skills:
 + Level 7.6 Fighting
 + Level 8.7 Short Blades
 - Level 6.2 Throwing
 * Level 4.2 Armour
 + Level 2.9 Dodging
 + Level 25.2 Stealth


You had 9 spell levels left.
You didn't know any spells.
Your spell library contained the following spells:

 Spells                   Type           Power      Damage    Failure   Level
 Magic Dart               Conj           0%         1d3       38%         1
 Blink                    Tloc           0%         N/A       54%         2
 Call Imp                 Summ           0%         N/A       54%         2


Dungeon Overview and Level Annotations

Branches:
Dungeon (1/1)

Altars:
Cheibriados
Dithmenos
Elyvilon
Fedhas
Gozag
Hepliaklqana
Kikubaaqudgha
Makhleb
Nemelex Xobeh
Okawaru
Qazlal
Ru
Sif Muna
Trog
Uskayaw
Vehumet
Wu Jian
Xom
Yredelemnul
Zin
The Shining One
Jiyva
Lugonu

Shops:
D =:[

Annotations:
D exclusion: oklob plant


Innate Abilities, Weirdness & Mutations

You are small and have problems with some larger weapons.
You are completely attuned to the shadows.


Message History

* * * LOW HITPOINT WARNING * * *
The acid corrodes you!
You close the door.
You start resting.
You are no longer corroded.
You start resting.
HP restored.
You start waiting.
Done waiting.
You open the door.
There is an open door here.
You hit the oklob plant but do no damage.
You hit the oklob plant but do no damage.
The oklob plant spits acid at you. The splash of acid hits you!
You hit the oklob plant.
The oklob plant is lightly damaged.
You puncture the oklob plant!
The oklob plant is moderately damaged.
You hit the oklob plant but do no damage.
The oklob plant is moderately damaged.
You hit the oklob plant but do no damage.
The oklob plant is moderately damaged.
The oklob plant spits acid at you. The splash of acid hits you!
The acid corrodes you!
You hit the oklob plant.
The oklob plant is moderately damaged.
You hit the oklob plant but do no damage.
The oklob plant is moderately damaged.
The oklob plant spits acid at you. The splash of acid hits you!!
* * * LOW HITPOINT WARNING * * *
You hit the oklob plant.
The oklob plant is poisoned.
The oklob plant is moderately damaged.
You hit the oklob plant but do no damage.
The oklob plant is moderately damaged.
The oklob plant spits acid at you. The splash of acid hits you!!
You die...
Your body crumbles into a pile of gold.

############
..#.)'..#__#
.)'..#..'..+
#'#####'#__####
..#...#§####.§####
###..##.#§§§.§#§.#
__##'#_.'§~§.§§.§#
..†'..._#§§~§§#§@#
__##_.#'##§#####'#
__###'#.#.(.)###P+
#####.####'###.###
...'...'.....'.∩#
####...##########
###.### #.#'#.#
#.....#


You could see an oklob plant (very poisoned).

Vanquished Creatures
  2 centaur warriors (D)
  Sonja (D)
  A deep troll (D)
  A hornet (D)
  A slime creature (D)
  Sigmund (D)
  A yak (D)
  An ogre (D)
  A jelly (D)
  Ijyb (D)
  A ballistomycete spore (D)
12 creatures vanquished.

Vanquished Creatures (others)
  A ballistomycete spore (D)
1 creature vanquished.

Grand Total: 13 creatures vanquished

Notes
Turn   | Place    | Note
-------+----------+-------------------------------------------
     0 | D        | rocky1 the Kobold Brigand began the quest for the Orb.
     0 | D        | Reached XP level 1. HP: 12/12 MP: 1/1
     2 | D        | Noticed Ijyb
     5 | D        | Killed Ijyb
     6 | D        | Reached skill level 8 in Stealth
     6 | D        | Reached XP level 2. HP: 18/18 MP: 2/2
     6 | D        | Reached XP level 3. HP: 22/22 MP: 3/3
     9 | D        | Noticed an ogre
    12 | D        | Killed an ogre
    13 | D        | Reached skill level 12 in Stealth
    13 | D        | Reached XP level 4. HP: 28/28 MP: 4/4
    13 | D        | Reached XP level 5. HP: 32/32 MP: 5/5
    24 | D        | Noticed Sigmund
    27 | D        | Killed Sigmund
    28 | D        | Reached skill level 5 in Short Blades
    28 | D        | Reached skill level 15 in Stealth
    28 | D        | Reached XP level 6. HP: 39/39 MP: 6/6
    41 | D        | Found an ornate altar of the Wu Jian Council.
    42 | D        | Found a shimmering blue altar of Sif Muna.
    43 | D        | Found a radiant altar of Vehumet.
    48 | D        | Reached skill level 16 in Stealth
    84 | D        | Found a hazy altar of Hepliaklqana.
    84 | D        | Found a stormy altar of Qazlal.
    84 | D        | Found a hide-covered altar of Uskayaw.
    84 | D        | Found a blossoming altar of Fedhas.
    84 | D        | Noticed a yak
    85 | D        | Found Eromotuo's Book Emporium.
    85 | D        | Found a bloodstained altar of Trog.
    85 | D        | Found an opulent altar of Gozag.
    85 | D        | Found a snail-covered altar of Cheibriados.
    86 | D        | Killed a yak
    87 | D        | Reached skill level 5 in Fighting
    87 | D        | Reached skill level 17 in Stealth
    87 | D        | Reached XP level 7. HP: 44/44 MP: 7/7
    87 | D        | Found an iron altar of Okawaru.
    87 | D        | Found a sparkling altar of Nemelex Xobeh.
    87 | D        | Found a sacrificial altar of Ru.
    87 | D        | Found a glowing silver altar of Zin.
    88 | D        | Found an ancient bone altar of Kikubaaqudgha.
    88 | D        | Found a basalt altar of Yredelemnul.
    88 | D        | Found a glowing golden altar of the Shining One.
    88 | D        | Found a shadowy altar of Dithmenos.
    88 | D        | Found a white marble altar of Elyvilon.
    96 | D        | Became a worshipper of Gozag Ym Sagoz the Greedy
   105 | D        | Noticed Sonja
   109 | D        | Killed Sonja
   110 | D        | Reached skill level 5 in Throwing
   110 | D        | Reached skill level 20 in Stealth
   110 | D        | Reached XP level 8. HP: 51/51 MP: 8/8
   369 | D        | Found Viaxij's Jewellery Boutique.
   374 | D        | Bought a ring of see invisible for 195 gold pieces
   374 | D        | Bought an amulet of regeneration for 390 gold pieces
   392 | D        | Noticed a deep troll
   396 | D        | Killed a deep troll
   397 | D        | Reached skill level 22 in Stealth
   397 | D        | Reached XP level 9. HP: 56/56 MP: 9/9
   407 | D        | Found Exkor's Armour Emporium.
   417 | D        | Bought a +1 leather armour of fire resistance for 154 gold
                  | pieces
   541 | D        | Noticed a centaur warrior
   543 | D        | Noticed a centaur warrior
   545 | D        | Killed a centaur warrior
   546 | D        | Reached skill level 23 in Stealth
   548 | D        | Killed a centaur warrior
   549 | D        | Reached skill level 24 in Stealth
   672 | D        | Found a burning altar of Makhleb.
   672 | D        | Found a viscous altar of Jiyva.
   672 | D        | Found a shimmering altar of Xom.
   672 | D        | Found a corrupted altar of Lugonu.
   676 | D        | Reached skill level 25 in Stealth
   676 | D        | Reached XP level 10. HP: 63/63 MP: 10/10
   706 | D        | Noticed an oklob plant
   877 | D        | Killed from afar by an oklob plant

Illustrated notes

Levels and vault maps discovered:
D:        dungeon_sprint_1 [red_sonja_temple_1, red_sonja_temple_small_1]

Skill      XL: |  1  2  3  4  5  6  7  8  9 |
---------------+----------------------------+-----
Short Blades   | 3 4 5 6 7 8 |  8.7
Stealth        | 8 12 15 17 20 22 25 | 25.2
Fighting       | 3 4 5 6 7 |  7.6
Throwing       | 3 4 5 6 |  6.2
Dodging        | 2 |  2.9
Armour         | 4 |  4.2

Action                     |  1- 3 |  4- 6 |  7- 9 | 10-12 || total
---------------------------+-------+-------+-------+-------++-------
  Melee: Dagger            |     2 |     3 |     1 |       ||     6
         Short sword       |       |       |     5 |    17 ||    22
   Stab: Sleeping          |     2 |     3 |     5 |     1 ||    11
 Armour: Robe              |       |       |     1 |       ||     1
         Leather armour    |       |       |       |     7 ||     7

Table legend: (Time is in decaauts)
 A = Elapsed time spent in this place.
 B = Non-inter-level travel time spent in this place.
 C = Inter-level travel time spent in this place.
 D = Time resting spent in this place.
 E = Time spent auto-exploring this place.
 F = Levels seen in this place.
 G = Mean time per level.
                   A        B        C        D        E       F      G
               +--------+--------+--------+--------+--------+-----+--------+
         Total |    869 |    869 |      0 |    549 |      0 |   1 |  869.0 |
       Dungeon |    869 |    869 |      0 |    549 |      0 |   1 |  869.0 |
               +--------+--------+--------+--------+--------+-----+--------+

Top non-repeatable levels by time:
       D: 869 daAuts
